 Dungeon Crawl Stone Soup version 0.28-a0-804-g60983d4ba9 (webtiles) character file.

Game seed: 16932788459106511412

233 jasper the Firebug (level 5, -8/41 HPs)
             Began as a Demonspawn Cinder Acolyte on Nov 8, 2021.
             Was a Believer of Ignis.
             Mangled by Duvessa (17 damage)
             ... on level 4 of the Dungeon.
             The game lasted 00:07:01 (3950 turns).

jasper the Firebug (Demonspawn Cinder Acolyte)      Turns: 3950, Time: 00:07:01

Health: -8/41      AC:  4    Str: 14    XL:     5   Next: 75%
Magic:  0/6        EV: 11    Int: 16    God:    Ignis [**....]
Gold:   113        SH:  0    Dex:  9    Spells: 0/6 levels left

rFire   + . .      SeeInvis .   a - +0 spear (flame)
rCold   . . .      Faith    .   (no shield)
rNeg    . . .      Spirit   .   b - +0 robe
rPois   .          Reflect  .   (helmet restricted)
rElec   .          Harm     .   (no cloak)
rCorr   .          Rampage  .   h - +0 pair of gloves
Will    .....                   k - +0 pair of boots
Stlth   +.........              (no amulet)
HPRegen 1.13/turn               (no ring)
MPRegen 0.10/turn               (no ring)

@: no status effects
A: antennae 1, powered by death 1
a: Renounce Religion, Sea of Fire, Foxfire Swarm, Rising Flame


You were on level 4 of the Dungeon.
You worshipped Ignis.
Ignis was pleased with you.
You visited 1 branch of the dungeon, and saw 4 of its levels.

You collected 179 gold pieces.
You spent 66 gold pieces at shops.

Inventory:

Hand Weapons
 a - a +0 spear of flaming (weapon)
Missiles
 e - 2 boomerangs
Armour
 b - a +0 robe (worn)
 h - a +0 pair of gloves (worn)
 k - a +0 pair of boots (worn)
Scrolls
 f - 4 scrolls of teleportation
 j - a scroll of brand weapon {unknown}
Potions
 c - a potion of might
 d - a potion of degeneration
 g - a potion of mutation {unknown}
 i - a potion of invisibility
 l - a potion of flight {unknown}


   Skills:
 - Level 3.0 Fighting
 - Level 2.6 Polearms
 - Level 1.0 Spellcasting
 - Level 5.3 Fire Magic
 + Level 2.5 Poison Magic


You couldn't memorise any spells.
You knew the following spells:

 Your Spells              Type           Power      Damage    Failure   Level
a - Scorch                Fire           34%        2d6       3%          2
b - Olgreb's Toxic Radia  Pois           9%         N/A       63%         4

Your spell library contained the following spells:

 Spells                   Type           Power      Damage    Failure   Level
 Sting                    Tmut/Pois      16%        1d3       14%         1
 Poisonous Vapours        Pois/Air       8%         N/A       21%         2


Dungeon Overview and Level Annotations

Branches:
Dungeon (4/15)             Temple (0/1) D:4

Altars:
Cheibriados

Shops:
D:2 ?*??

Annotations:
D:4 Duvessa


Innate Abilities, Weirdness & Mutations

You have a pair of small antennae on your head.
You regenerate a little health from kills.


Message History

Dowan is no longer more vulnerable to fire.
Duvessa barely misses you. Dowan barely misses you.
Duvessa hits you with a +0 short sword!
You take 7 damage, and have 19/41 hp.
You don't have enough magic to cast this spell.
You don't have enough magic to cast this spell.
Your foxfire dissipates!
The foxfire hits Duvessa but does no damage.
Duvessa is severely wounded.
The foxfire hits Duvessa but does no damage.
Duvessa is severely wounded.
The foxfire hits Dowan but does no damage.
Dowan is almost dead.
The foxfire hits Dowan.
Dowan is almost dead.
The foxfire hits Dowan.
You kill Dowan!
Duvessa screams, "No!
How DARE you!"
Duvessa goes berserk!
The foxfire hits Duvessa but does no damage.
Duvessa is severely wounded.
The foxfire hits Duvessa but does no damage.
Duvessa is severely wounded.
The foxfire hits Duvessa but does no damage.
Duvessa is severely wounded.
The foxfire hits Duvessa but does no damage.
Duvessa is severely wounded.
The foxfire hits Duvessa.
Duvessa is severely wounded.
The foxfire hits Duvessa but does no damage.
Duvessa is severely wounded.
The foxfire hits Duvessa.
Duvessa is severely wounded.
The foxfire hits Duvessa but does no damage.
Duvessa is severely wounded.
Your Poison Magic skill increases to level 2!
Flames leap up around you! Duvessa hits you with a +0 short sword!
* * * LOW HITPOINT WARNING * * *
Duvessa hits you with a +0 short sword!
You die...

############ ####
.#.#
.....vvvvv.#####....
.#.# #@ev.........#
.#.# #vvv...#...#
.#.# #vvv.......#
.#.# ####'#.#####
.#.# #.# #.#.....#
.#.#. #.# #.#.###.#
.#.#. #.#
#.#.#.#.#.# )).#.
#.# #.#.#.#.#.#
)###. #.#
#.#e..#.#.#


You could see Duvessa (berserk, fast, ally target).

Vanquished Creatures
  Dowan (D:4)
  An orc wizard (D:3)
  Robin (D:4)
  3 gnolls (D:2)
  4 adders
  2 worms
  A dart slug (D:3)
  4 orcs
  6 endoplasms
  3 giant cockroaches
  16 goblins
  6 hobgoblins
  5 kobolds
  2 quokkas
  3 ball pythons
  2 bats
  5 frilled lizards
  3 rats (D:1)
68 creatures vanquished.

Vanquished Creatures (others)
  72 foxfires
72 creatures vanquished.

Grand Total: 140 creatures vanquished

Notes
Turn   | Place    | Note
-------+----------+-------------------------------------------
     0 | D:1      | jasper the Demonspawn Cinder Acolyte began the quest for
                  | the Orb.
     0 | D:1      | Reached XP level 1. HP: 18/18 MP: 2/2
   197 | D:1      | Reached skill level 3 in Fire Magic
   419 | D:1      | Gained mutation: You have a pair of small antennae on your
                  | head. [demonic ancestry]
   419 | D:1      | Reached XP level 2. HP: 24/24 MP: 3/3
   422 | D:1      | Learned a level 2 spell: Scorch
  1201 | D:2      | Found Lotsul's Magic Scroll Boutique.
  1225 | D:2      | Bought a scroll of teleportation for 36 gold pieces
  1243 | D:2      | Reached XP level 3. HP: 26/29 MP: 0/4
  1467 | D:2      | Found Ineabizyud's Magic Scroll Boutique.
  1475 | D:2      | Bought a scroll of teleportation for 30 gold pieces
  1514 | D:2      | Reached skill level 4 in Fire Magic
  1668 | D:2      | Gained mutation: You regenerate a little health from kills.
                  | [demonic ancestry]
  1668 | D:2      | Reached XP level 4. HP: 8/35 MP: 1/5
  1910 | D:2      | Found a snail-covered altar of Cheibriados.
  1975 | D:2      | Found Ytholoy's Assorted Antiques.
  2281 | D:2      | Found Seyklom's Magic Scroll Emporium.
  2765 | D:3      | Reached skill level 5 in Fire Magic
  2891 | D:3      | Reached XP level 5. HP: 36/41 MP: 1/6
  3471 | D:4      | Learned a level 4 spell: Olgreb's Toxic Radiance
  3639 | D:4      | Noticed Robin
  3647 | D:4      | Reached skill level 1 in Poison Magic
  3673 | D:4      | Killed Robin
  3914 | D:4      | Noticed Duvessa
  3914 | D:4      | Noticed Dowan
  3922 | D:4      | Found a staircase to the Ecumenical Temple.
  3949 | D:4      | Killed Dowan
  3950 | D:4      | Mangled by Duvessa

Illustrated notes

Levels and vault maps discovered:
D:1:      denvon_arrival_waterhouse, layout_basic, chequers_decorated_corner
D:2:      layout_basic, basic_altar, serial_shops, shop, shop,
          nicolae_square_shop, shop, minmay_hexomino_f4
D:3:      layout_loops_ring
D:4:      layout_basic, lemuel_round_altar, minmay_temple_entry_ruins,
          uniq_duvessa, uniq_robin

Skill      XL: |  1  2  3  4  5 |
---------------+----------------+-----
Fire Magic     | 3 4 5 |  5.3
Poison Magic   | 2 |  2.5
Fighting       | |  3.0
Polearms       | |  2.6
Spellcasting   | |  1.0

Action                   |  1- 3 |  4- 6 || total
-------------------------+-------+-------++-------
Melee: Spear             |    73 |    36 ||   109
 Cast: Scorch            |    21 |    32 ||    53
Invok: Foxfire Swarm     |     1 |     5 ||     6
  Use: Scroll            |     3 |     2 ||     5
Armor: Robe              |     5 |    11 ||    16
Dodge: Dodged            |    21 |    23 ||    44

Table legend: (Time is in decaauts)
 A = Elapsed time spent in this place.
 B = Non-inter-level travel time spent in this place.
 C = Inter-level travel time spent in this place.
 D = Time resting spent in this place.
 E = Time spent auto-exploring this place.
 F = Levels seen in this place.
 G = Mean time per level.
                   A        B        C        D        E       F      G
               +--------+--------+--------+--------+--------+-----+--------+
         Total |   3946 |   3871 |     75 |    254 |   3068 |   4 |  986.5 |
       Dungeon |   3946 |   3871 |     75 |    254 |   3068 |   4 |  986.5 |
               +--------+--------+--------+--------+--------+-----+--------+

Top non-repeatable levels by time:
     D:2: 1361 daAuts
     D:1: 1112 daAuts
     D:3: 932 daAuts
     D:4: 540 daAuts
